 Dungeon Crawl Stone Soup version 0.27-a0-1325-g58a489ad9e (webtiles) character file.

Game seed: 5295924591323628738

135 Nattfarinn the Magician (level 5, -2/35 HPs)
             Began as a Barachi Venom Mage on June 24, 2021.
             Splashed by a jelly's acid (8 damage)
             ... on level 3 of the Dungeon.
             The game lasted 00:05:32 (3504 turns).

Nattfarinn the Magician (Barachi Venom Mage)        Turns: 3504, Time: 00:05:33

Health: -2/35      AC: -6    Str: 10    XL:     5   Next: 18%
Magic:  6/11       EV: 12    Int: 16    God:
Gold:   69         SH:  0    Dex: 12    Spells: 3/13 levels left

rFire    . . .     SeeInvis .   g - +2 whip (vamp)
rCold    . . .     Faith    .   (no shield)
rNeg     . . .     Spirit   .   a - +0 robe
rPois    .         Reflect  .   (no helmet)
rElec    .         Harm     .   (no cloak)
rCorr    .         Rampage  .   (no gloves)
Will     .....                  (no boots)
Stlth    ++........             (no amulet)
HPRegen  0.11/turn              (no ring)
MPRegen  0.12/turn              (no ring)

@: corroded, slow
A: amphibious, slowness 1, strong legs 1, +LOS
a: Hop


You were on level 3 of the Dungeon.
You visited 1 branch of the dungeon, and saw 3 of its levels.

You collected 69 gold pieces.

Inventory:

Hand Weapons
 b - a +0 dagger
 g - a +2 vampiric whip (weapon)
 k - a +1 short sword of protection
Armour
 a - a +0 robe (worn)
Magical Staves
 h - a staff of earth
Jewellery
 f - a ring of ice
Scrolls
 c - a scroll of fear {unknown}
 d - a scroll of fog {unknown}
 e - a scroll of enchant armour {unknown}
 i - a scroll of teleportation {unknown}
 j - a scroll of amnesia {unknown}
 l - 2 scrolls of identify {unknown}
Potions
 m - a potion of might {unknown}
 n - a potion of berserk rage {unknown}


   Skills:
 - Level 2.1 Dodging
 - Level 1.7 Stealth
 * Level 4.5 Spellcasting
 - Level 1.1 Transmutations
 + Level 4.4 Poison Magic


You had 3 spell levels left.
You knew the following spells:

 Your Spells              Type           Power      Damage    Failure   Level
a - Sting                 Tmut/Pois      48%        1d5       4%          1
b - Poisonous Vapours     Pois/Air       20%        N/A       10%         2
c - Olgreb's Toxic Radia  Pois           17%        N/A       26%         4
d - Ignite Poison         Fire/Tmut/Pois 9%         N/A       22%         3

Your spell library contained the following spells:

 Spells                   Type           Power      Damage    Failure   Level
 Mephitic Cloud           Conj/Pois/Air  8%         N/A       26%         3


Dungeon Overview and Level Annotations

Branches:
Dungeon (3/15)

Altars:


Innate Abilities, Weirdness & Mutations

You are amphibious.
You cover ground slowly.
You can hop short distances.
You have an extended range of vision and can be seen from far away.


Message History

The dart slug is heavily wounded.
The sting hits the dart slug but does no damage.
The dart slug looks even sicker.
The dart slug is severely wounded.
You kill the dart slug!
You hear a distant slurping noise.
You see here a frilled lizard corpse.
You now have 69 gold pieces (gained 12).
A frilled lizard and a jelly come into view.
The jelly quivers.
There are monsters nearby!
The frilled lizard hisses angrily.
You can't see any susceptible monsters within range! (Use Z to cast anyway.)
The sting hits the frilled lizard.
The frilled lizard is poisoned.
The frilled lizard is heavily wounded.
The sting hits the frilled lizard.
The frilled lizard looks even sicker.
You kill the frilled lizard!
The sting hits the jelly.
The jelly partially resists.
The jelly is lightly wounded.
The sting hits the jelly.
The jelly partially resists.
The jelly is poisoned.
The jelly is lightly wounded.
The jelly hits you. The acid corrodes you!
You are splashed with acid!
The sting hits the jelly.
The jelly partially resists.
The jelly looks even sicker.
The jelly is lightly wounded.
The jelly barely misses you.
The sting hits the jelly.
The jelly partially resists.
The jelly is moderately wounded.
The jelly hits you. The acid corrodes you!
You are splashed with acid!
You are too injured to fight recklessly!
You hit the jelly.
You feel better.
Your hands burn!
The jelly is heavily wounded.
The jelly closely misses you.
You hit the jelly but do no damage.
Your hands burn!
* * * LOW HITPOINT WARNING * * *
The jelly is heavily wounded.
The jelly hits you.
* * * LOW HITPOINT WARNING * * *
You are splashed with acid!
You die...

#..........#
#.##
#......†...#
#..#
#..........#
##.##
##..........#
#..#
..........###
##.#
##########.#
#.# ......
#.# #.#
###...##.#
##..
#....†J@.#
+...
#.#.######
###. #. ## #
. ##


You could see a jelly (very poisoned).

Vanquished Creatures
  Terence (D:2)
  4 adders (D:2)
  An adder skeleton (D:2)
  3 dart slugs
  7 endoplasms
  3 giant cockroaches
  5 goblins
  3 hobgoblins (D:1)
  8 jackals
  6 kobolds
  4 quokkas
  7 ball pythons
  3 bats
  5 frilled lizards
  3 rats
63 creatures vanquished.

Notes
Turn   | Place    | Note
-------+----------+-------------------------------------------
     0 | D:1      | Nattfarinn the Barachi Venom Mage began the quest for the
                  | Orb.
     0 | D:1      | Reached XP level 1. HP: 13/13 MP: 3/3
   422 | D:1      | Found a faded altar of an unknown god.
   480 | D:1      | Reached XP level 2. HP: 19/19 MP: 3/5
   880 | D:1      | Reached XP level 3. HP: 24/24 MP: 3/7
  1974 | D:2      | Noticed Terence
  1981 | D:2      | Killed Terence
  1982 | D:2      | Reached XP level 4. HP: 26/30 MP: 2/9
  2284 | D:2      | Learned a level 2 spell: Poisonous Vapours
  2846 | D:2      | Reached XP level 5. HP: 35/35 MP: 1/11
  3242 | D:3      | Learned a level 4 spell: Olgreb's Toxic Radiance
  3246 | D:3      | Learned a level 3 spell: Ignite Poison
  3504 | D:3      | Splashed by a jelly's acid

Illustrated notes

Levels and vault maps discovered:
D:1:      dpeg_arrival_tiny_a, layout_basic,
          shapermc_ecumenical_altar_totnotflames
D:2:      layout_loops_ring, uniq_terence
D:3:      layout_basic

Skill      XL: |  1  2  3  4 |
---------------+-------------+-----
Spellcasting   | 3 4 |  4.5
Poison Magic   | 4 |  4.4
Dodging        | |  2.1
Stealth        | |  1.7
Transmutations | |  1.1

Action                   |  1- 3 |  4- 6 || total
-------------------------+-------+-------++-------
Melee: Unarmed           |     2 |       ||     2
       Dagger            |    25 |       ||    25
       Whip              |    30 |    37 ||    67
 Cast: Sting             |    58 |    44 ||   102
       Poisonous Vapours |       |     6 ||     6
 Abil: Hop               |     1 |       ||     1
 Stab: Sleeping          |       |     1 ||     1
Armor: Robe              |    12 |     4 ||    16
Dodge: Dodged            |    43 |    42 ||    85

Table legend: (Time is in decaauts)
 A = Elapsed time spent in this place.
 B = Non-inter-level travel time spent in this place.
 C = Inter-level travel time spent in this place.
 D = Time resting spent in this place.
 E = Time spent auto-exploring this place.
 F = Levels seen in this place.
 G = Mean time per level.
                   A        B        C        D        E       F      G
               +--------+--------+--------+--------+--------+-----+--------+
         Total |   3800 |   3661 |    139 |    410 |   2776 |   3 | 1266.7 |
       Dungeon |   3800 |   3661 |    139 |    410 |   2776 |   3 | 1266.7 |
               +--------+--------+--------+--------+--------+-----+--------+

Top non-repeatable levels by time:
     D:1: 1981 daAuts
     D:2: 1527 daAuts
     D:3: 292 daAuts
